 Dungeon Sprint DCSS version 0.31-a0-844-gdc52ec4e09 (webtiles) character file.

Game seed: 3518750946568791456

2 sircluck the Ruffian (level 1, -1/33 HPs)
             Began as a Troll Berserker on Sept 29, 2023.
             Was a Follower of Trog.
             Slain by an orc warrior
             ... wielding a +0 war axe
              (15 damage)
             ... in the Dungeon (Sprint VII: "The Pits").
             The game lasted 00:00:06 (29 turns).

sircluck the Ruffian (Troll Berserker)                Turns: 29, Time: 00:00:07

Health: -1/33      AC:  4    Str: 24    XL:     1   Next: 25%
Magic:  0/0        EV: 10    Int:  3    God:    Trog [*.....]
Gold:   0          SH:  0    Dex:  9    Spells: 0/0 levels left

rFire   . .          .
                       - Unarmed
rCold   . . .        (no shield)
rNeg    . . .        a - +0 animal skin
rPois   .            (helmet restricted)
rElec   .            (no cloak)
rCorr   .            (gloves unavailable)
SInv    .            (boots unavailable)
Will    .....        (no amulet) Stlth
                     (no ring)
HPRegen 1.05/turn    (no ring)
MPRegen 0.07/turn

%: no teleportation
@: berserking (expiring), very quick
A: large, unfitting armour, claws 3, regeneration 1, shaggy fur 1, tough skin 1
a: Renounce Religion, Berserk


You were in the Dungeon.
You worshipped Trog.
Trog was aware of your devotion.
You visited 1 branch

Inventory:

Armour
 a - a +0 animal skin (worn)
Scrolls
 g - a scroll of blinking
Potions
 b - a potion of curing
 c - a potion of heal wounds
 d - a potion of haste
 e - 2 potions of magic
 f - a potion of berserk rage


   Skills:
 + Level 2.7 Fighting
 + Level 2.7 Dodging
 + Level 3.3 Unarmed Combat


You couldn't memorise any spells.
You didn't know any spells.
Your spell library was empty.

Dungeon Overview and Level Annotations

Branches:
Dungeon (1/1)

Altars:


Innate Abilities, Weirdness & Mutations

You are too large for most types of armour.
You have claws for hands.
Your natural rate of healing is unusually fast.
You are covered in fur. (AC +1)
You have tough skin. (AC +1)


Message History

Press ? for a list of commands and other information.
Found a staircase leading out of the dungeon.
You open the door.
There is an open door to the Entrance Hall (Safe) here.
You open the huge gate.
There is a huge open gate to the Metal Vault (Medium) here.
There is a huge open gate to the Metal Vault (Medium) here.
You open the gate.
A swamp drake, 5 orcs and a tyrant leech come into view.
The swamp drake roars!
The orc warrior shouts!
The orc wizard shouts!
The orc shouts! x2
You close the gate.
You start waiting.
A red film seems to cover your vision as you go berserk!
You feel yourself moving faster!
You feel mighty!
The orc wizard shouts!
The orc wizard casts a spell.
The orc wizard flickers and vanishes!
Deactivating autopickup; reactivate with Ctrl-A.
You barely miss the orc. You claw the orc!
You kill the orc!
Trog accepts your kill.
The orc wizard gestures at you while chanting.
Unknown command.
Unknown command.
Unknown command.
Unknown command.
The tyrant leech closely misses you.
There is an open gate here.
Things that are here:
a +0 whip; a +0 leather armour; an orc corpse You barely miss the orc.
Something hits you. The orc hits you with a +0 short sword.
You closely miss the orc. The tyrant leech bites you!
Ouch! That really hurt!
The tyrant leech draws strength from your injuries!
The orc barely misses you.
The orc warrior hits you with a +0 war axe!
You die...

#................#
####'#####''######
#.......##''#
#.......##..#
#.......##..#
#...<...##..####
#.......##..#..###
#.......##..#o...##
#.......##..@oo...#
##########..w.k...+
#..'.....#
#..#....##
#..#..### #..####
#..# #..#


You could see a tyrant leech, a swamp drake, an orc warrior, an orc wizard and
an orc.

Vanquished Creatures
  An orc (D)
1 creature vanquished.

Notes
Turn   | Place    | Note
-------+----------+-------------------------------------------
     0 | D        | sircluck the Troll Berserker began the quest for the Orb.
     0 | D        | Reached XP level 1. HP: 22/22 MP: 0/0
    21 | D        | Noticed a swamp drake
    21 | D        | Noticed an orc warrior
    21 | D        | Noticed an orc wizard
    21 | D        | Noticed an orc wizard
    21 | D        | Noticed a tyrant leech
    29 | D        | Slain by an orc warrior

Illustrated notes

Levels and vault maps discovered:
D:        pitsprint [storerooms_1, entrance_room_1, metal_vault_1, armoury_1,
          mini_pit_1, grid_room_1, main_hall_1, silver_pit, the_coven_1,
          the_vestibule_1, steel_vault_4, golden_pit, hallway_of_sentries,
          crystal_vault_1, iron_vault_1, final_vault]

Action                     || total
---------------------------++-------
  Melee: Unarmed           ||     4
 Invoke: Berserk           ||     1
 Armour: Animal skin       ||     4
  Dodge: Dodged            ||     2

Table legend: (Time is in decaauts)
 A = Elapsed time spent in this place.
 B = Non-inter-level travel time spent in this place.
 C = Inter-level travel time spent in this place.
 D = Time resting spent in this place.
 E = Time spent auto-exploring this place.
 F = Levels seen in this place.
 G = Mean time per level.
                   A        B        C        D        E       F      G
               +--------+--------+--------+--------+--------+-----+--------+
         Total |     27 |     27 |      0 |      2 |     21 |   1 |   27.0 |
       Dungeon |     27 |     27 |      0 |      2 |     21 |   1 |   27.0 |
               +--------+--------+--------+--------+--------+-----+--------+

Top non-repeatable levels by time:
       D: 27 daAuts
